Map: Ascension vers Aïur EC

Players

JustOne - Winner!

  • Race: Terran Terran
  • League: Platinum
  • Spawn Location: 5:00

damoos

  • Race: Protoss Protoss
  • League: Platinum
  • Spawn Location: 11:00

VOD

Have the link to the VOD?

Description

Time

  • Played on: Jan. 15, 2018, 2:49 p.m.
  • Length: 8:08
Show
View Real Time Build Order
Export as new Build Order

JustOne Terran - Winner!

Build Orders:  

Get SALT Encoding   

  12  0:01  SCV  
  14  0:14  SCV  
  14  0:21  Supply Depot  
  14  0:26  SCV  
  15  0:32  Refinery  
  15  0:42  SCV  
  16  0:46  Barracks  
  16  0:54  SCV  
  17  0:58  Refinery  
  17  1:06  SCV  
  18  1:19  SCV  
  19  1:31  SCV  
  20  1:35  Barracks Reactor  
  20  1:43  SCV  
  21  1:57  Orbital Command, Factory  
  21  2:14  Marine x2  
  23  2:34  Supply Depot  
  23  2:46  Factory  
  23  2:56  SCV  
  24  3:02  Cyclone x2  
  24  3:04  Barracks Tech Lab  
  30  3:08  SCV  
  30  3:10  Supply Depot  
  31  3:33  Supply Depot, Cyclone  
  34  3:48  Cyclone  
  37  3:53  Marauder  
  37  3:54  Cyclone  
  42  3:58  Supply Depot  
  42  4:13  Cyclone  
  45  4:20  Hellion  
  45  4:21  Supply Depot  
  47  4:27  Hellion  
  47  4:28  Marauder  
  51  4:44  Supply Depot  
  51  4:50  Marauder, Cyclone  
  51  4:51  Hellion  
  58  4:57  Hellion  
  60  5:07  Supply Depot  
  60  5:12  Cyclone  
  61  5:22  Factory Tech Lab  
  61  5:26  Cyclone  
  64  5:29  Supply Depot  
  64  5:48  Siege Tank  
  67  5:52  Armory  
  69  5:57  Hellion  
  69  5:59  Hellion  
  71  6:16  Marauder  
  71  6:18  Hellion  
  75  6:20  Hellion  
  75  6:21  Hellion  
  74  6:37  Marauder  
  76  6:42  Hellion  
  78  6:53  Supply Depot  
  78  6:59  Marauder  
  78  7:00  Hellion x2  
  84  7:03  Siege Tank  
  83  7:20  Marine  
  83  7:21  Hellion x2  
  77  7:35  Siege Tank  
  80  7:37  Marine  
Show
View Real Time Build Order
Export as new Build Order

damoos Protoss 

Build Orders: 1 Gate Expand 

Get SALT Encoding   

  12  0:01  Probe  
  13  0:13  Probe  
  14  0:17  Pylon  
  14  0:25  Probe (Chrono Boost)  
  15  0:37  Probe (Chrono Boost)  
  15  0:39  Gateway  
  16  0:44  Probe (Chrono Boost)  
  16  0:47  Assimilator  
  17  0:52  Probe  
  18  1:04  Probe  
  19  1:22  Nexus  
  19  1:34  Cybernetics Core  
  19  1:45  Probe  
  20  2:00  Probe  
  21  2:04  Assimilator  
  21  2:09  Pylon  
  21  2:12  Probe  
  22  2:18  Warp Gate  
  22  2:25  Gateway  
  22  2:29  Stalker (Chrono Boost)  
  24  2:34  Shield Battery  
  24  2:35  Shield Battery  
  24  2:40  Probe  
  24  2:42  Probe  
  25  2:52  Probe  
  25  2:53  Stalker (Chrono Boost)  
  28  3:09  Pylon  
  28  3:11  Stalker  
  30  3:19  Stalker  
  32  3:31  Robotics Facility  
  32  3:38  Probe  
  33  3:43  Stalker  
  35  3:55  Stalker  
  35  3:57  Gateway  
  35  3:59  Probe  
  38  4:07  Shield Battery  
  38  4:19  Observer (Chrono Boost)  
  39  4:27  Probe x2  
  41  4:32  Immortal (Chrono Boost)  
  45  4:39  Probe  
  45  4:40  Probe  
  47  4:46  Assimilator  
  47  4:51  Probe  
  48  4:53  Probe  
  49  5:03  Immortal (Chrono Boost)  
  49  5:05  Pylon  
  53  5:16  Pylon  
  53  5:27  Stalker x3  
  59  5:35  Immortal (Chrono Boost)  
  63  5:38  Pylon  
  63  5:45  Probe  
  64  5:52  Robotics Bay  
  64  5:54  Zealot  
  66  5:58  Zealot  
  68  6:21  Stalker x3  
  68  6:23  Probe x2  
  76  6:30  Assimilator  
  72  6:39  Immortal  
  74  6:45  Stalker  
  74  6:46  Zealot  
  78  6:59  Pylon  
  78  7:14  Probe x2  
  78  7:18  Stalker x3  
  63  7:26  Probe x2  
  54  7:44  Stalker x2  
Tags
 
Add a new tag
Caveats
  • Supply blocks, unpowered buildings, or Contaminate may cause inaccurate times.
  • Supply counts are checked every 10 seconds.